 Dungeon Crawl Stone Soup version 0.31-a0-983-g7b6862f502 (webtiles) character file.

Game seed: 500818842000185456

109 lunkers the Insei (level 4, -6/34 HPs)
             Began as a Demigod Shapeshifter on Nov 2, 2023.
             Mangled by a gnoll
             ... wielding a +0 halberd
              (9 damage)
             ... on level 3 of the Dungeon.
             The game lasted 00:03:01 (1697 turns).

lunkers the Insei (Demigod Shapeshifter)            Turns: 1697, Time: 00:03:01

Health: -6/34      AC:  5    Str: 21    XL:     4   Next: 34%
Magic:  6/6        EV: 11    Int: 12    God:
Gold:   228        SH:  5    Dex: 17    Spells: 3/3 levels left

rFire   . .          .
                       - Unarmed
rCold   . . .        (no shield)
rNeg    . . .        f - +0 ring mail
rPois   .            (helmet currently unavailable)
rElec   .            (cloak currently unavailable)
rCorr   .            (gloves currently unavailable)
SInv    .            (boots currently unavailable)
Will    .....        n - amulet of reflection
Stlth   +            h - +6 ring of strength
HPRegen 0.25/turn    (no ring)
MPRegen 0.10/turn

%: reflection
@: beast-form
A: beast (slay +1), high MP 1, forlorn, divine attributes
a: Begin Untransformation


You were on level 3 of the Dungeon.
You were a hulking beast.
You visited 1 branch of the dungeon, and saw 3 of its levels.

You collected 228 gold pieces.

Inventory:

Armour
 a - a +0 animal skin
 f - a +0 ring mail (worn)
 g - a +1 hat
Jewellery
 h - a +6 ring of strength (left hand)
 n - an amulet of reflection (around neck)
Talismans
 c - a beast talisman
 d - a flux talisman
Scrolls
 e - 8 scrolls of identify {unknown}
 j - a scroll of butterflies {unknown}
 l - a scroll of fog {unknown}
 m - a scroll of enchant weapon {unknown}
 q - a scroll of brand weapon {unknown}
 s - a scroll of teleportation {unknown}
Potions
 b - a potion of lignification
 i - a potion of mutation {unknown}
 k - a potion of brilliance {unknown}
 o - a potion of magic {unknown}
 p - a potion of curing {unknown}
 r - a potion of might {unknown}


   Skills:
 - Level 0.8 Fighting
 - Level 1.7 Dodging
 * Level 4.3 Unarmed Combat
 + Level 3.4 Shapeshifting


You had 3 spell levels left.
You didn't know any spells.
Your spell library contained the following spells:

 Spells                   Type           Power      Damage    Failure   Level
 Magic Dart               Conj           0%         1d3       50%         1
 Sting                    Tmut/Pois      0%         1d3       50%         1
 Summon Small Mammal      Summ           0%         N/A       50%         1
 Ensorcelled Hibernation  Hex/Ice        0%         N/A       63%         2
 Jinxbite                 Hex            0%         N/A       63%         2
 Anguish                  Hex/Necr       0%         N/A       99%         4


Dungeon Overview and Level Annotations

Branches:
Dungeon (3/15)


Innate Abilities, Weirdness & Mutations

You are a hulking beast.
Your limbs bulge with bestial killing power. (Slay +1)
You have an increased reservoir of magic. (+10% MP)
You shall have no god before yourself.
Your divine heritage dramatically boosts your attributes as you level up.


Message History

A gnoll comes into view. It is wielding a +0 whip.
A gnoll comes into view. It is wielding a +0 club.
The gnoll shouts!
You block the gnoll's attack. The gnoll hits you but does no damage.
You hit the gnoll.
The gnoll is lightly wounded.
The gnoll closely misses you. The gnoll hits you with a +0 whip.
You hit the gnoll.
The gnoll is lightly wounded.
You block the gnoll's attack. The gnoll hits you with a +0 whip.
You hit the gnoll.
The gnoll is moderately wounded.
You punch the gnoll!
You kill the gnoll!
You hear a shout!
You block the gnoll's attack.
You hit the gnoll.
The gnoll is lightly wounded.
The gnoll hits you with a +0 halberd!
* * * LOW HITPOINT WARNING * * *
The gnoll hits you from afar with a +0 spear.
* * * LOW HITPOINT WARNING * * *
You hit the gnoll.
The gnoll is heavily wounded.
The gnoll closely misses you. The gnoll barely misses you.
Unknown command.
You barely miss the gnoll.
The gnoll is heavily wounded.
You block the gnoll's attack. x2
Okay, then.
You barely miss the gnoll.
The gnoll is heavily wounded.
The gnoll hits you with a +0 halberd!
* * * LOW HITPOINT WARNING * * *
You block the gnoll's attack. The gnoll misses you.
A hobgoblin comes into view.
The gnoll attacks as it pursues you!
The gnoll hits you from afar with a +0 halberd!
You die...

#..###).....####.# #.# #.##
##.##### #.# #.# ..# #.# #.#
#.# #.## ##.# #.# #.#
#..###..# ######.###########.#
#.#...#.# #....[†.........)..#
#.##.##.###.####.#############
#.##........# #.#
#...........# #h#
#######.###.# #.# ## #.# # #g#
###.... #.# ###.##ggg..#
#.###.##...#.#
#######.#........g##
........#.#.#.....# #########
# #.....# ##...#.


You could see a gnoll and a hobgoblin.

Vanquished Creatures
  An orc wizard (D:3)
  A gnoll (D:3)
  2 adders (D:2)
  A worm (D:3)
  2 dart slugs (D:1)
  4 orcs (D:3)
  5 bats
  3 endoplasms
  2 giant cockroaches
  2 goblins (D:1)
  4 hobgoblins
  7 jackals
  2 quokkas
  3 ball pythons
  2 frilled lizards
  2 kobolds (D:1)
  6 rats
49 creatures vanquished.

Notes
Turn   | Place    | Note
-------+----------+-------------------------------------------
     0 | D:1      | lunkers the Demigod Shapeshifter began the quest for the
                  | Orb.
     0 | D:1      | Reached XP level 1. HP: 15/15 MP: 3/3
   132 | D:1      | Reached skill level 3 in Unarmed Combat
   154 | D:1      | You fall into a shaft and drop 1 floor!
   202 | D:2      | Reached XP level 2. HP: 22/22 MP: 4/4
   266 | D:2      | Identified the +2 sling of Compound Interest {drain, rElec
                  | rN+}
   351 | D:2      | Reached XP level 3. HP: 27/27 MP: 5/5
   753 | D:1      | Got Even Neophytes Can Use Spellwork!
  1333 | D:3      | Reached skill level 4 in Unarmed Combat
  1333 | D:3      | Reached XP level 4. HP: 27/34 MP: 6/6
  1697 | D:3      | Mangled by a gnoll

Illustrated notes

Levels and vault maps discovered:
D:1:      minmay_arrival_open_corners, layout_loops_ring,
          hellmonk_ecumenical_altar_slurped_away
D:2:      layout_basic, corexii_shack
D:3:      layout_loops_ring, minmay_statues_item

Skill      XL: |  1  2  3 |
---------------+----------+-----
Unarmed Combat | 3 4 |  4.3
Shapeshifting  | 3 |  3.4
Fighting       | |  0.8
Dodging        | |  1.7

Action                     |  1- 3 |  4- 6 || total
---------------------------+-------+-------++-------
  Melee: Unarmed           |   111 |    21 ||   132
         Punch             |     1 |       ||     1
 Armour: Ring mail         |    48 |    12 ||    60
         Animal skin       |     3 |       ||     3
  Dodge: Dodged            |    47 |     8 ||    55
  Block: Other             |       |     7 ||     7

Table legend: (Time is in decaauts)
 A = Elapsed time spent in this place.
 B = Non-inter-level travel time spent in this place.
 C = Inter-level travel time spent in this place.
 D = Time resting spent in this place.
 E = Time spent auto-exploring this place.
 F = Levels seen in this place.
 G = Mean time per level.
                   A        B        C        D        E       F      G
               +--------+--------+--------+--------+--------+-----+--------+
         Total |   1687 |   1501 |    186 |      0 |   1172 |   3 |  562.3 |
       Dungeon |   1687 |   1501 |    186 |      0 |   1172 |   3 |  562.3 |
               +--------+--------+--------+--------+--------+-----+--------+

Top non-repeatable levels by time:
     D:1: 662 daAuts
     D:3: 542 daAuts
     D:2: 482 daAuts
